 Dungeon Crawl Stone Soup version 0.26.1-11-gd32895ea62 (webtiles) character file.

Game seed: 15592779468977982180

372 Zeld the Twirler (level 6, 0/39 HPs)
             Began as an Octopode Gladiator on May 18, 2021.
             Slain by a gnoll (6 damage)
             ... on level 3 of the Dungeon.
             The game lasted 00:03:02 (3613 turns).

Zeld the Twirler (Octopode Gladiator)               Turns: 3613, Time: 00:03:03

Health: 0/39       AC:  1    Str: 14    XL:     6   Next: 71%
Magic:  6/6        EV: 14    Int: 10    God:
Gold:   103        SH:  0    Dex: 15    Spells: 5/5 levels left

rFire    . . .     SeeInvis .   a - +0 quarterstaff
rCold    . . .     Faith    .   (shield currently unavailable)
rNeg     . . .     Spirit   .   b - +0 hat
rPois    .         Reflect  .   (no amulet)
rElec    .         Harm     .   (no ring)
rCorr    .         Rampage  .   (no ring)
Will     .....                  (no ring)
Stlth    ++........             (no ring)
HPRegen  0.13/turn              (no ring)
MPRegen  0.10/turn              (no ring)
                                (no ring)
                                (no ring)

@: no status effects
A: almost no armour, stealthy swim, amphibious, 8 rings, constrict 8, camouflage
1, gelatinous body 1
a: no special abilities


You were on level 3 of the Dungeon.
You visited 1 branch of the dungeon, and saw 3 of its levels.

You collected 103 gold pieces.

Inventory:

Hand Weapons
 a - a +0 quarterstaff (weapon)
Missiles
 o - 2 boomerangs (quivered)
 s - 3 throwing nets
Armour
 b - a +0 hat (worn)
Jewellery
 r - an uncursed amulet of guardian spirit {unknown}
Scrolls
 e - 2 scrolls of amnesia {unknown}
 h - a scroll of fear {unknown}
 i - 2 scrolls of enchant armour {unknown}
 j - 3 scrolls of identify {unknown}
 k - 3 scrolls of teleportation {unknown}
 p - a scroll of immolation {unknown}
Potions
 c - a potion of mutation {unknown}
 d - 3 potions of brilliance {unknown}
 f - a potion of invisibility {unknown}
 g - a potion of lignification {unknown}
 l - 2 potions of flight {unknown}
 m - a potion of heal wounds {unknown}
 n - a potion of might {unknown}
 q - 2 potions of curing {unknown}


   Skills:
 - Level 2.0 Fighting
 * Level 5.5 Staves
 * Level 5.0 Throwing
 - Level 3.0 Dodging


You had 5 spell levels left.
You didn't know any spells.
Your spell library was empty.

Dungeon Overview and Level Annotations

Branches:
Dungeon (3/15)

Altars:
Elyvilon
Hepliaklqana
Makhleb
Vehumet
The Shining One


Innate Abilities, Weirdness & Mutations

You cannot wear most types of armour.
You are very stealthy in the water. (Stealth+)
You are amphibious.
You can wear up to eight rings at the same time.
You can use your tentacles to constrict eight enemies at once.
Your skin changes colour to match your surroundings (Stealth+).
Your rubbery body absorbs attacks. (AC +1, EV +1)


Message History

Things that are here:
a +0 dagger; a stone; a +0 flail The orc wizard gestures at itself while chanting.
The orc wizard flickers and vanishes!
Deactivating autopickup; reactivate with Ctrl-A.
The orc wizard casts a spell.
The orc wizard blinks!
The gnoll barely misses you.
There is an open door here.
Press: ? - help, v - describe, . - travel
Here: a gnoll, wearing a +0 leather armour (fast)
The floor.
You hit the gnoll. You grab the gnoll.
The gnoll is lightly wounded.
You constrict the gnoll. The gnoll barely misses you. The gnoll misses you.
You hit the gnoll.
The gnoll is moderately wounded.
You constrict the gnoll. The gnoll hits you!
* * * LOW HITPOINT WARNING * * *
The gnoll hits you.
You die...

###########
#######.........#
..รท...........[.#
#######.........#
######.
#.........#####.......
#.........@gg.oo......
#.........#####......#
######.......# ......#
#....(..# ......#
#.......# ......'
#.......# ......#
#.......# ####.?.
#.......# .##
#.......# #.#


You could see an orc wizard, 2 gnolls and an orc.

Vanquished Creatures
  Grinder (D:3)
  2 orc priests (D:2)
  Jessica (D:2)
  A gnoll (D:3)
  2 adders (D:3)
  A worm (D:2)
  3 dart slugs
  A leopard gecko (D:2)
  6 orcs (D:2)
  4 bats
  4 giant cockroaches
  3 goblins
  3 hobgoblins
  4 jackals (D:3)
  3 frilled lizards
  7 kobolds
  3 rats
49 creatures vanquished.

Notes
Turn   | Place    | Note
-------+----------+-------------------------------------------
     0 | D:1      | Zeld the Octopode Gladiator began the quest for the Orb.
     0 | D:1      | Reached XP level 1. HP: 14/14 MP: 1/1
   372 | D:1      | Reached XP level 2. HP: 17/19 MP: 2/2
  1064 | D:2      | Noticed Jessica
  1069 | D:2      | Killed Jessica
  1070 | D:2      | Reached XP level 3. HP: 19/24 MP: 3/3
  1302 | D:2      | Found a faded altar of an unknown god.
  1609 | D:2      | Reached XP level 4. HP: 28/29 MP: 4/4
  2110 | D:2      | Reached XP level 5. HP: 20/34 MP: 5/5
  2706 | D:3      | Noticed a centaur
  3348 | D:3      | Noticed Grinder
  3353 | D:3      | Found a hazy altar of Hepliaklqana.
  3363 | D:3      | Found a radiant altar of Vehumet.
  3370 | D:3      | Paralysed by Grinder for 3 turns
  3389 | D:3      | Killed Grinder
  3390 | D:3      | Reached skill level 5 in Staves
  3390 | D:3      | Reached skill level 5 in Throwing
  3390 | D:3      | Reached XP level 6. HP: 20/39 MP: 6/6
  3542 | D:3      | Found a burning altar of Makhleb.
  3542 | D:3      | Found a glowing golden altar of the Shining One.
  3554 | D:3      | Found a white marble altar of Elyvilon.
  3613 | D:3      | Slain by a gnoll

Illustrated notes

Levels and vault maps discovered:
D:1:      scummos_arrival_hexagon, layout_loops_corners
D:2:      cheibrodos_pilgrimage, layout_loops_corners, serial_aquarium,
          aquarium_bridge_island_large [aquarium_subvault_large_water,
          aquarium_subvault_bridge, aquarium_subvault_bridge,
          aquarium_subvault_window, aquarium_subvault_wall],
          aquarium_window_corridor_3, aquarium_window_corner, aquarium_window_2,
          aquarium_view_2d, aquarium_view_2c, aquarium_pool_1,
          chequers_ecumenical_altar_simple_redux, minmay_crystal_water,
          eino_tiny_chamber, uniq_jessica
D:3:      layout_basic, minmay_overflow_temple_star_hex, uniq_grinder,
          uniq_robin

Skill      XL: |  1  2  3  4  5 |
---------------+----------------+-----
Throwing       | 3 5 |  5.0
Staves         | 4 5 |  5.5
Fighting       | |  2.0
Dodging        | |  3.0

Action                   |  1- 3 |  4- 6 || total
-------------------------+-------+-------++-------
Melee: Quarterstaff      |    42 |    58 ||   100
       Constrict         |    14 |    14 ||    28
       Tentacles         |     8 |    12 ||    20
Throw: Throwing net      |       |     3 ||     3
 Stab: Sleeping          |     3 |       ||     3
Armor: Skin              |     1 |     3 ||     4
Dodge: Dodged            |    29 |    56 ||    85
